 Dungeon Crawl Stone Soup version 0.18.1-48-g4cf74bf (webtiles) character file.

3443 Inkary the Protected (level 9, -6/85 HPs)
             Began as a Minotaur Fighter on July 20, 2016.
             Mangled by a hill giant
             ... wielding a +0 giant spiked club
              (36 damage)
             ... on level 8 of the Dungeon.
             The game lasted 00:15:37 (6197 turns).

Inkary the Protected (Minotaur Fighter)             Turns: 6197, Time: 00:15:38

Health: -6/85      AC: 12    Str: 24    XL:     9   Next: 77%
Magic:  8/8        EV:  6    Int:  5    God:
Gold:   387        SH: 10    Dex: 10    Spells: 0 memorised, 8 levels left

rFire  . . .     SeeInvis +     r - +3 flail of the Cities {freeze, Stlth+}
rCold  . . .     Gourm    .     q - +1 chain mail {rPois}
rNeg   . . .     Faith    .     c - +1 shield
rPois  +         Spirit   .     (helmet restricted)
rElec  .         Dismiss  .     (no cloak)
rCorr  .         Reflect  .     (no gloves)
SustAt +         Harm     +     (no boots)
MR     .....                    G - amulet of harm
Stlth  ..........               x - ring of see invisible
                                l - ring of sustain attributes

@: not resistant to hostile enchantments, extremely unstealthy
A: retaliatory headbutt, horns 2
a: no special abilities


You were on level 8 of the Dungeon.
You were very hungry.

You visited 2 branches of the dungeon, and saw 9 of its levels.

You collected 387 gold pieces.

Inventory:

Hand Weapons
 r - the +3 flail of the Cities (weapon) {freeze, Stlth+}
   (You found it on level 4 of the Dungeon)

   It has been specially enchanted to freeze those struck by it, causing extra
   injury to most foes and up to half again as much damage against particularly
   susceptible opponents.
   It can also slow down cold-blooded creatures.
   It makes you more stealthy.
Armour
 c - a +1 shield (worn)
 q - a +1 chain mail of poison resistance (worn)
Jewellery
 l - a ring of sustain attributes (left hand)
 x - a ring of see invisible (right hand)
 G - an amulet of harm (around neck)
Wands
 b - a wand of polymorph (8/24)
 C - a wand of slowing (20/48)
 F - a wand of lightning (11/15)
 K - a wand of slowing (19/48)
 L - a wand of slowing (15/48)
Scrolls
 a - 2 scrolls of recharging {unknown}
 e - a scroll of remove curse
 k - a scroll of identify
 m - a scroll of immolation
 p - 2 scrolls of enchant armour
 s - 2 scrolls of fog
 D - a scroll of teleportation
Potions
 d - 2 potions of might
 h - a potion of invisibility
 j - a potion of resistance
 n - 2 potions of brilliance
 o - 3 potions of haste
 t - a potion of heal wounds {unknown}
 u - a potion of lignification {unknown}
 v - a potion of mutation
 w - a potion of flight {unknown}
 z - 3 potions of curing
Books
 y - a book of the Sky

   Spells                             Type                      Level
   a - Summon Lightning Spire         Summoning/Air                4
   b - Airstrike                      Air                          4
   c - Silence                        Hexes/Air                    5
   d - Deflect Missiles               Charms/Air                   6
   e - Conjure Ball Lightning         Conjuration/Air              6
   f - Tornado                        Air                          9
 J - a book of Enchantments

   Spells                             Type                      Level
   a - Cause Fear                     Hexes                        4
   b - Yara's Violent Unravelling     Hexes/Transmutation          5
   c - Silence                        Hexes/Air                    5
   d - Deflect Missiles               Charms/Air                   6
   e - Haste                          Charms                       6
   f - Discord                        Hexes                        8
Miscellaneous
 A - a plain deck of wonders
Comestibles
 f - 5 bread rations
 g - a beef jerky
 i - 4 fruits
 B - a royal jelly
 H - 2 meat rations


   Skills:
 + Level 10.2 Fighting
   Level 4.2(7.1) Axes
 + Level 8.9(9.3) Maces & Flails
 + Level 10.3 Armour
 - Level 3.6 Shields


You had 8 spell levels left.
You didn't know any spells.

Dungeon Overview and Level Annotations

Branches:
Dungeon (8/15)             Temple (1/1) D:4
   Lair: D:8-11

Altars:
Ashenzari
Dithmenos
Elyvilon
Fedhas
Gozag
Makhleb
Nemelex Xobeh
Qazlal
Ru
Sif Muna
Vehumet
Xom
Yredelemnul
Zin
The Shining One


Innate Abilities, Weirdness & Mutations

You reflexively headbutt those who attack you in melee.
You have a pair of horns on your head.


Message History

A hill giant comes into view. It is wielding a giant spiked club.
The hill giant shouts!
You see here a scroll of identify.
k - a scroll of identify
Found 10 gold pieces.
The hill giant barely misses you.
Found a trident.
You hit the hill giant. You freeze the hill giant.
The hill giant is lightly wounded.
You sock the hill giant! You freeze the hill giant.
You headbutt the hill giant.
The hill giant is heavily wounded.
The hill giant hits you with a giant spiked club!
You completely miss the hill giant. You headbutt the hill giant.
The hill giant is heavily wounded.
The hill giant hits you with a giant spiked club!!
You hit the hill giant. You freeze the hill giant.
The hill giant is heavily wounded.
The hill giant hits you with a giant spiked club!!
You die...

[.... #)............#
.....## ##.............
.......####...........##
..........#...........#
...........)...<......#
....#####....!##...####
. ####.....##.#.#
##...†.......#.#
#..@.....>......
#...C#.?.)##..#..#
....#..#....# .##
.#.....#........
.............. #
................
.........$...... ##.#...
)......


You could see a hill giant.

Vanquished Creatures
  Pikel (D:5)
  The ghost of Inkary the Covered, a novice GrFi (D:5)
  A hungry ghost (D:8)
  Edmund (D:4)
  2 orc warriors
  An ice beast (D:7)
  3 black bears
  A necrophage (D:8)
  4 ogres
  2 phantoms
  3 giant frogs
  2 scorpions
  4 howler monkeys (D:8)
  2 crimson imps
  4 hounds
  3 jellies
  4 orc priests
  4 orc wizards
  Jessica (D:6)
  2 iguanas
  2 worker ants
  Robin (D:4)
  A howler monkey skeleton (D:5)
  2 gnolls
  6 adders
  3 oozes
  An adder zombie (D:7)
  4 worms
  2 dart slugs (D:2)
  A giant gecko (D:1)
  28 orcs
  A ball python (D:4)
  11 bats
  4 giant cockroaches
  21 goblins
  5 hobgoblins
  14 jackals
  2 quokkas (D:3)
  A giant gecko skeleton (D:6)
  A giant gecko zombie (D:8)
  A giant newt (D:3)
  8 kobolds
  2 quokka skeletons
  A quokka zombie (D:6)
  12 rats
181 creatures vanquished.

Vanquished Creatures (others)
  A worm (D:3)
  An orc (D:5)
2 creatures vanquished.

Grand Total: 183 creatures vanquished

Notes
Turn   | Place    | Note
--------------------------------------------------------------
     0 | D:1      | Inkary the Minotaur Fighter began the quest for the Orb.
     0 | D:1      | Reached XP level 1. HP: 19/19 MP: 0/0
   129 | D:1      | Reached XP level 2. HP: 27/27 MP: 1/1
   370 | D:1      | You fall through a shaft!
   453 | D:1      | Reached XP level 3. HP: 32/33 MP: 2/2
  1153 | D:2      | Found a blossoming altar of Fedhas.
  1251 | D:2      | Reached XP level 4. HP: 41/41 MP: 3/3
  2101 | D:3      | Reached skill level 5 in Fighting
  2346 | D:3      | Reached XP level 5. HP: 48/48 MP: 4/4
  2369 | D:3      | Reached skill level 5 in Armour
  2465 | D:3      | Found a sparkling altar of Nemelex Xobeh.
  2962 | D:4      | Got an encrusted flail
  2963 | D:4      | Identified the +3 flail of the Cities {freeze, Stlth+} (You found it on level 4 of the Dungeon)
  3122 | D:4      | Found a staircase to the Ecumenical Temple.
  3159 | Temple   | Entered the Ecumenical Temple
  3317 | D:4      | Found a stormy altar of Qazlal.
  3329 | D:4      | Noticed Edmund
  3357 | D:4      | Killed Edmund
  3357 | D:4      | Reached XP level 6. HP: 24/57 MP: 5/5
  3469 | D:4      | Noticed Robin
  3502 | D:4      | Killed Robin
  3933 | D:5      | Entered Level 5 of the Dungeon
  3941 | D:5      | Reached XP level 7. HP: 64/64 MP: 6/6
  3984 | D:5      | Noticed Inkary's ghost (novice GrFi)
  3997 | D:5      | Killed Inkary's ghost
  4035 | D:5      | Found a radiant altar of Vehumet.
  4355 | D:5      | Noticed Pikel
  4356 | D:5      | Reached skill level 5 in Maces & Flails
  4356 | D:5      | Reached XP level 8. HP: 70/73 MP: 7/7
  4370 | D:5      | Killed Pikel
  4510 | D:6      | Found a white marble altar of Elyvilon.
  4511 | D:6      | Found a shattered altar of Ashenzari.
  4995 | D:6      | Found a sparkling altar of Nemelex Xobeh.
  4995 | D:6      | Noticed Jessica
  4998 | D:6      | Killed Jessica
  4998 | D:6      | Reached XP level 9. HP: 74/82 MP: 8/8
  5359 | D:7      | Found a glowing silver altar of Zin.
  5450 | D:7      | Found a sacrificial altar of Ru.
  6143 | D:8      | Reached skill level 10 in Armour
  6145 | D:8      | Reached skill level 10 in Fighting
  6190 | D:8      | Noticed a hill giant
  6197 | D:8      | Mangled by a hill giant

Skill      XL: |  1  2  3  4  5  6  7  8  9 |
---------------+----------------------------+-----
Axes           | 3 4 |  4.2
Fighting       | 4 5 6 7 8 10 | 10.2
Armour         | 4 5 6 7 8 10 | 10.3
Maces & Flails | 2 3 5 7 8 |  8.9
Shields        | |  3.6

Action                   |  1- 3 |  4- 6 |  7- 9 || total
-------------------------+-------+-------+-------++-------
Melee: War axe           |    85 |    84 |       ||   169
       Headbutt          |    12 |    22 |    37 ||    71
       Flail             |       |    70 |   205 ||   275
  Use: Scroll            |       |     6 |    11 ||    17
       Potion            |       |       |     1 ||     1
  Eat: Chunk             |     1 |     7 |     8 ||    16
       Royal jelly       |       |     1 |       ||     1
Armor: Scale mail        |    31 |    36 |       ||    67
       Chain mail        |       |    17 |    70 ||    87
Dodge: Dodged            |    13 |    42 |    46 ||   101
Block: Shield            |    49 |    79 |    99 ||   227
